 Dungeon Crawl Stone Soup version 0.31-a0-1496-g79c7dd0eeb (webtiles) character file.

Game seed: 5883698632097236389

106558 Gorgor the Tortoise (level 15, -1/129 HPs)
             Began as a Minotaur Fighter on Dec 29, 2023.
             Was a High Priest of Okawaru.
             Slain by a +2 war axe of freezing (10 damage)
             ... on level 2 of the Elven Halls.
             The game lasted 02:18:55 (23440 turns).

Gorgor the Tortoise (Minotaur Fighter)             Turns: 23440, Time: 02:18:55

Health: -1/129     AC: 32    Str: 31      XL:     15   Next: 97%
Magic:  19/19      EV: 11    Int:  7      God:    Okawaru [*****.]
Gold:   264        SH: 14    Dex:  9 (10) Spells: 20/20 levels left

rFire   + + +        v - +12 broad axe of a Billion Visionaries {heavy, rN+ Will+ Int+2 Stlth+}
rCold   + + .        t - +2 shield of Resistance {rF++ rC++ Will++}
rNeg    + . .        q - +7 plate armour of Okawaru's Approval {rF+ Str+3}
rPois   +            (helmet restricted)
rElec   .            k - +1 cloak
rCorr   +            o - +0 pair of gloves
SInv    .            (no boots)
Will    +++++        G - amulet of the acrobat Stlth
                     l - ring "Nossoejo" {rF+ Will+ rCorr}
HPRegen 0.41/turn    O - ring of poison resistance
MPRegen 0.16/turn

%: acrobat
@: on fire, glowing
A: horns 2, retaliatory headbutt, iridescent scales 1, deterioration 1, frail 1,
inability to drink after injury 1
a: Renounce Religion, Heroism, Finesse, Duel


You were on level 2 of the Elven Halls.
You worshipped Okawaru.
Okawaru was extremely pleased with you.
You visited 6 branches of the dungeon, and saw 24 of its levels.
You also visited: Gauntlet.

You collected 3608 gold pieces.
You spent 3344 gold pieces at shops.

Inventory:

Hand Weapons
 v - the +12 broad axe of a Billion Visionaries (weapon) {heavy, rN+ Will+ Int+2 Stlth+}
   (You acquired it on level 6 of the Dungeon)

   Int+2:     It affects your intelligence (+2).
   rN+:       It protects you from negative energy.
   Will+:     It increases your willpower.
   Stlth+:    It makes you more stealthy.
 y - the +7 trident "Qeavif" {freeze, rPois Dex+4 Stlth-}
   (You found it on level 5 of the Lair of Beasts)

   Dex+4:     It affects your dexterity (+4).
   rPois:     It protects you from poison Stlth-: It makes you less stealthy.
 H - a +1 vampiric war axe
 I - the +5 broad axe of Foarur {flame, *Noise rF+++ Str+3 Dex+2}
   (Okawaru gifted it to you on level 10 of the Dungeon)

   Str+3:     It affects your strength (+3).
   Dex+2:     It affects your dexterity (+2).
   rF+++:     It renders you almost immune to fire.
   *Noise:    It may make a loud noise when swung.
Armour
 k - a +1 cloak (worn)
 o - a +0 pair of gloves (worn)
 q - the +7 plate armour of Okawaru's Approval (worn) {rF+ Str+3}
   (Okawaru gifted it to you on level 10 of the Dungeon)

   Str+3:     It affects your strength (+3).
   rF+:       It protects you from fire.
 t - the +2 shield of Resistance (worn) {rF++ rC++ Will++}
   (You bought it in a shop on level 10 of the Dungeon)

   rF++:      It greatly protects you from fire.
   rC++:      It greatly protects you from cold.
   Will++:    It greatly increases your willpower.
 u - a +3 chain mail of willpower
 P - a +3 plate armour of poison resistance
 Y - a +0 kite shield
Jewellery
 l - the ring "Nossoejo" (left hand) {rF+ Will+ rCorr}
   (You bought it in a shop on level 1 of the Dungeon)

   [ring of willpower]

   rF+:       It protects you from fire.
   Will+:     It increases your willpower.
   rCorr:     It protects you from acid and corrosion.
 p - a ring of see invisible
 w - an amulet of reflection
 x - a +5 ring of evasion
 z - a ring of protection from cold
 G - an amulet of the acrobat (around neck)
 K - a ring of protection from fire
 O - a ring of poison resistance (right hand)
 R - a ring of protection from cold
Wands
 e - a wand of iceblast (10)
 B - a wand of flame (53)
 S - a wand of light (12)
Scrolls
 b - 2 scrolls of fog
 c - a scroll of brand weapon {unknown}
 f - 2 scrolls of revelation
 g - 2 scrolls of enchant armour
 j - 6 scrolls of blinking
 m - 7 scrolls of fear
 A - 6 scrolls of teleportation
 D - a scroll of enchant weapon
 J - 2 scrolls of silence
 T - a scroll of summoning {unknown}
 U - a scroll of immolation {unknown}
 V - a scroll of poison {unknown}
 W - a scroll of vulnerability {unknown}
 Z - 3 scrolls of identify
Potions
 a - a potion of enlightenment
 d - 2 potions of might
 h - a potion of ambrosia
 i - 9 potions of curing
 r - 3 potions of berserk rage
 s - 5 potions of haste
 C - a potion of invisibility
 E - 3 potions of brilliance
 F - a potion of resistance
 L - 3 potions of cancellation
 M - 3 potions of heal wounds
 N - a potion of magic {unknown}
Miscellaneous
 n - a lightning rod (4/4)
 Q - a tin of tremorstones (2/2)
 X - a phial of floods


   Skills:
 + Level 16.2 Fighting
 + Level 16.0 Axes
 + Level 19.0 Armour
 + Level 9.2 Dodging
 + Level 16.1 Shields
 + Level 3.3 Spellcasting
 + Level 7.5 Invocations


You had 20 spell levels left.
You didn't know any spells.
Your spell library contained the following spells:

 Spells                   Type           Power      Damage    Failure   Level
 Apportation              Tloc           2%         N/A       88%         1
 Foxfire                  Conj/Fire      4%         2x1d4     88%         1
 Kiss of Death            Conj/Necr      4%         2d5       88%         1
 Necrotise                Necr           4%         1d4       88%         1
 Slow                     Hex            4%         N/A       88%         1
 Sting                    Conj/Alch      4%         1d3       88%         1
 Lesser Beckoning         Tloc           2%         N/A       95%         2
 Static Discharge         Conj/Air       2%         3-4/arc   95%         2
 Confusing Touch          Hex            1%         N/A       99%         3
 Gell's Gravitas          Tloc           1%         N/A       99%         3
 Sigil of Binding         Hex            1%         N/A       99%         3
 Teleport Other           Tloc           1%         N/A       99%         3
 Vampiric Draining        Necr           1%         2d6       99%         3
 Volatile Blastmotes      Fire/Tloc      2%         2d10      99%         3
 Airstrike                Air            0%         2d(1-17)  100%        4
 Brom's Barrelling Bould  Conj/Erth      1%         2d3       100%        4
 Dimensional Bullseye     Hex/Tloc       0%         N/A       100%        4
 Dispel Undead            Necr           1%         3d6       100%        4
 Fulminant Prism          Conj/Alch      0%         3d5       100%        4
 Ignite Poison            Fire/Alch      1%         N/A       100%        4
 Iskenderun's Mystic Bla  Conj/Tloc      1%         2d3       100%        4
 Sticky Flame             Fire/Alch      1%         2d4       100%        4
 Vhi's Electric Charge    Tloc/Air       2%         N/A       100%        4
 Arcjolt                  Conj/Air       0%         1d10      100%        5
 Fireball                 Conj/Fire      0%         3d3       100%        5
 Iskenderun's Battlesphe  Conj           1%         2d6       100%        5
 Conjure Ball Lightning   Conj/Air       0%         3x3d6     100%        6
 Plasma Beam              Fire/Air       0%         2x1d10    100%        6
 Starburst                Conj/Fire      0%         6d3       100%        6
 Orb of Destruction       Conj           0%         9d5       100%        7
 Ignition                 Fire           0%         3d3       100%        8
 Maxwell's Capacitive Co  Air            0%         ∞         100%        8
 Summon Small Mammal      Summ           Unusable   N/A       N/A         1
 Call Canine Familiar     Summ           Unusable   N/A       N/A         3
 Summon Lightning Spire   Summ/Air       Unusable   N/A       N/A         4

Dungeon Overview and Level Annotations

Branches:
Dungeon (13/15)            Temple (1/1) D:4            Lair (5/5) D:11
  Swamp (0/4) Lair:2        Snake (1/4) Lair:3        Slime (0/5) Lair:4
    Orc (2/2) D:10            Elf (2/3) Orc:2       Gauntlet (visited)
 Vaults: D:13-14

Altars:
Ashenzari
Cheibriados
Dithmenos
Elyvilon
Fedhas
Gozag
Hepliaklqana
Kikubaaqudgha
Makhleb
Nemelex Xobeh
Okawaru
Qazlal
Ru
Sif Muna
Trog
Uskayaw
Vehumet
Wu Jian
Xom
Yredelemnul
Zin
The Shining One
Jiyva

Shops:
D:1 *   D:4 !   D:7 !   D:9 :   D:10 [   D:13 :   Orc:2 =[*(

Annotations:
Temple 2 transporters


Innate Abilities, Weirdness & Mutations

You have a pair of horns on your head.
You reflexively headbutt those who attack you in melee.
You are partially covered in iridescent scales. (AC +2)
Your body sometimes deteriorates upon taking damage.
You are frail. (-10% HP)
You occasionally lose the ability to drink potions when taking damage.


Message History

The fire elemental burns you! You resist.
* * * LOW HITPOINT WARNING * * *
The +2 quick blade of freezing hits you but does no damage.
You block the +2 quick blade of freezing's attack.
Something hits you but does no damage. The +2 war axe of freezing hits you.
* * * LOW HITPOINT WARNING * * *
The deep elf pyromancer mumbles some strange words.
The deep elf pyromancer blinks!
You completely miss the fire elemental.
Your headbutt misses the fire elemental.
You barely miss the +2 quick blade of freezing.
You closely miss something. You slice the +2 war axe of freezing!!
The liquid fire burns you!
* * * LOW HITPOINT WARNING * * *
You block the +2 quick blade of freezing's attack. x2
You block the fire elemental's attack. The +2 war axe of freezing hits you!
* * * LOW HITPOINT WARNING * * *
The +2 war axe of freezing freezes you.
* * * LOW HITPOINT WARNING * * *
The +2 quick blade of freezing closely misses you.
You furiously retaliate!
You headbutt the +2 quick blade of freezing!
The +2 quick blade of freezing hits you but does no damage.
Something completely misses you.
The deep elf pyromancer gestures at you while chanting.
The bolt of fire hits the fire elemental.
The fire elemental completely resists.
The bolt of fire hits you. You resist.
* * * LOW HITPOINT WARNING * * *
The bolt of fire hits the +2 war axe of freezing.
The +2 war axe of freezing resists.
The fire elemental hits you.
You hear a shout!
You slice the +2 quick blade of freezing!!
The +2 quick blade of freezing falls from the air.
Okawaru accepts your kill.
You slice something!! You barely miss the fire elemental.
You miss the +2 war axe of freezing. The liquid fire burns you!
* * * LOW HITPOINT WARNING * * *
The +2 war axe of freezing hits you!
You die...

....... ##
.......
#.#.......
#..#......
#...#.....
#...(#....
#(){..#...
#@....# #.E...#
##.....#
#....e#...
#....#.....#
#...#.....○.#
#..#.........#
#
#.#...........#
#. ##
............ ..


You could see a deep elf pyromancer, a fire elemental (summoned) and 2 dancing
weapons.

Vanquished Creatures
  A deep elf sorcerer (Elf:1)
  2 orc warlords
  A deep elf annihilator (Elf:2)
  A minotaur (Gauntlet)
  A dire elephant (Lair:4)
  An entropy weaver (shapeshifter) (Elf:1)
  The ghost of Dirtsage the Mimic, a journeyman OpSh of the Shining One (Lair:2)
  3 hydras
  A merfolk avatar (Lair:5)
  2 catoblepae
  7 boulder beetles
  5 two-headed ogres
  12 dancing weapons
  2 tengu warriors (D:13)
  6 death yaks (Lair:5)
  6 orc high priests (Orc:2)
  2 deep elf knights (Elf:2)
  Lodul (D:12)
  4 skysharks
  A wretched star (Gauntlet)
  3 deep elf archers
  2 orc knights
  An arcanist (Elf:1)
  7 deep elf zephyrmancers
  3 harpies (Lair:5)
  6 orc sorcerers
  12 deep elf pyromancers
  An oklob plant (Orc:1)
  28 elephants
  2 cyclopes (D:13)
  2 manticores
  3 black mambas
  14 cane toads
  3 gargoyles
  2 rime drakes (Lair:5)
  A kobold demonologist (D:10)
  10 komodo dragons
  An efreet (D:13)
  2 tengu conjurers
  2 trolls (D:10)
  8 polar bears
  7 hornets
  A tarantella (shapeshifter) (D:13)
  14 blink frogs (Lair:1)
  A raiju (Gauntlet)
  2 snapping turtles (Lair:5)
  A dream sheep (shapeshifter) (D:13)
  11 slime creatures
  11 dream sheep
  A spriggan (Lair:4)
  Sigmund (D:3)
  3 shadows
  71 yaks
  A vampire (D:13)
  4 wraiths
  5 wyverns
  A basilisk (D:13)
  A fire elemental (Elf:1)
  3 wargs
  2 neqoxecs (Gauntlet)
  5 steam dragons
  7 vampire mosquitoes
  2 swamp worms (Lair:2)
  A naga (Lair:3)
  15 water moccasins
  4 acid dragons
  2 ice beasts (D:7)
  2 sky beasts
  20 orc warriors
  3 laughing skulls (Gauntlet)
  4 centaurs
  11 ogres
  A boggart (Elf:1)
  2 phantoms
  3 kobold brigands
  12 bullfrogs
  A gnoll sergeant (D:8)
  4 scorpions
  2 earth elementals
  5 wights (D:9)
  10 killer bees
  3 howler monkeys
  4 crimson imps (D:4)
  A bombardier beetle (D:7)
  2 jellies
  2 hounds
  14 orc priests
  3 sleepcaps
  6 iguanas
  27 orc wizards
  A mummy (D:7)
  12 gnolls
  6 adders
  2 shadow imps
  2 white imps (D:8)
  2 ufetubi (D:5)
  3 dart slugs
  64 orcs
  3 bats
  3 endoplasms
  4 giant cockroaches
  7 goblins
  6 hobgoblins
  19 kobolds
  3 quokkas
  6 ball pythons
  2 frilled lizards (D:2)
  4 rats
641 creatures vanquished.

Vanquished Creatures (others)
  A dancing weapon (Elf:2)
1 creature vanquished.

Grand Total: 642 creatures vanquished

Notes
Turn   | Place    | Note
-------+----------+-------------------------------------------
     0 | D:1      | Gorgor the Minotaur Fighter began the quest for the Orb.
     0 | D:1      | Reached XP level 1. HP: 19/19 MP: 0/0
   295 | D:1      | Reached XP level 2. HP: 27/27 MP: 1/1
   383 | D:1      | Found Voxuloane's Assorted Antiques.
   711 | D:2      | Reached skill level 4 in Armour
   762 | D:2      | Reached XP level 3. HP: 33/33 MP: 2/2
   974 | D:2      | Found Gorer Pol's Jewellery Boutique.
  1616 | D:1      | Bought a transparent tin ring for 120 gold pieces
  1616 | D:1      | Identified the ring "Nossoejo" {rF+ Will+ rCorr} (You
                  | bought it in a shop on level 1 of the Dungeon)
  1825 | D:2      | Reached XP level 4. HP: 11/41 MP: 3/3
  2326 | D:3      | Found a white marble altar of Elyvilon.
  2352 | D:3      | Noticed Sigmund
  2360 | D:3      | Killed Sigmund
  2361 | D:3      | Reached skill level 5 in Fighting
  2361 | D:3      | Reached skill level 5 in Armour
  2361 | D:3      | Reached skill level 5 in Shields
  2361 | D:3      | Reached XP level 5. HP: 48/48 MP: 4/4
  2361 | D:3      | Reached XP level 6. HP: 56/56 MP: 5/5
  2640 | D:4      | Found a staircase to the Ecumenical Temple.
  2655 | Temple   | Found a transporter.
  2655 | Temple   | Found a transporter.
  2655 | Temple   | Found a transporter.
  2655 | Temple   | Found a transporter.
  2655 | Temple   | Entered the Ecumenical Temple
  2671 | Temple   | Became a worshipper of Warmaster Okawaru
  2910 | D:4      | Found Dougisu's Distillery.
  2982 | D:4      | Found a shimmering altar of Xom.
  3034 | D:4      | Reached skill level 5 in Axes
  3034 | D:4      | Reached XP level 7. HP: 56/62 MP: 6/6
  3168 | D:4      | Reached skill level 6 in Armour
  3228 | D:4      | Reached * piety under Okawaru
  3362 | D:5      | Entered Level 5 of the Dungeon
  3362 | D:5      | Found a radiant altar of Vehumet.
  3711 | D:5      | Reached XP level 8. HP: 60/71 MP: 7/7
  3890 | D:5      | Reached ** piety under Okawaru
  4047 | D:5      | Reached skill level 7 in Armour
  4662 | D:1      | Bought a scroll labelled EHACOLAMP CEUHYA for 24 gold
                  | pieces
  4662 | D:1      | Bought a scroll labelled QAECOUSOGH for 24 gold pieces
  4662 | D:1      | Bought a scroll labelled QAECOUSOGH for 24 gold pieces
  4662 | D:1      | Bought a scroll labelled KEEMOM DOSASOX for 24 gold pieces
  4662 | D:1      | Bought a scroll labelled SUEPSO VO IDE for 24 gold pieces
  4662 | D:1      | Bought a scroll labelled COMMIH TINYTE for 24 gold pieces
  4670 | D:1      | Identified a scroll of acquirement
  4672 | D:1      | Acquired 852 gold pieces
  4869 | D:4      | Bought a potion of curing for 33 gold pieces
  4869 | D:4      | Bought a potion of curing for 33 gold pieces
  4869 | D:4      | Bought a potion of curing for 33 gold pieces
  4869 | D:4      | Bought a potion of berserk rage for 55 gold pieces
  4869 | D:4      | Bought a potion of curing for 33 gold pieces
  4869 | D:4      | Bought a potion of berserk rage for 55 gold pieces
  5358 | D:6      | Found a glowing golden altar of the Shining One.
  5596 | D:6      | Identified the +8 dire flail of Conscience {chaos, rN+}
  5727 | D:6      | Reached skill level 8 in Armour
  5727 | D:6      | Reached XP level 9. HP: 76/81 MP: 6/8
  5760 | D:6      | Acquired the +12 broad axe of a Billion Visionaries {heavy,
                  | rN+ Will+ Int+2 Stlth+}
  6054 | D:7      | Reached *** piety under Okawaru
  6090 | D:7      | Paralysed by a hornet for 3 turns
  6243 | D:7      | Found a snail-covered altar of Cheibriados.
  6760 | D:7      | Found Xygial's Distillery.
  6763 | D:7      | Bought a potion of resistance for 140 gold pieces
  6869 | D:7      | Reached skill level 9 in Armour
  7074 | D:8      | Found a burning altar of Makhleb.
  7074 | D:8      | Found a sparkling altar of Nemelex Xobeh.
  7085 | D:8      | Reached **** piety under Okawaru
  7757 | D:9      | Reached XP level 10. HP: 77/91 MP: 7/9
  7950 | D:9      | Reached ***** piety under Okawaru
  8039 | D:9      | Noticed a +0 hand axe
  8040 | D:9      | Noticed a +0 dagger
  8041 | D:9      | Found a hide-covered altar of Uskayaw.
  8221 | D:9      | Found Fosar's Book Emporium.
  8221 | D:9      | Noticed a two-headed ogre
  8227 | D:9      | Killed a two-headed ogre
  8227 | D:9      | Received a gift from Okawaru
  8364 | D:9      | Reached skill level 10 in Armour
  8396 | D:9      | Reached skill level 10 in Fighting
  8396 | D:9      | Reached skill level 10 in Shields
  8525 | D:9      | Noticed a two-headed ogre
  8531 | D:9      | Killed a two-headed ogre
  8596 | D:9      | Reached skill level 10 in Axes
  8936 | D:10     | Entered Level 10 of the Dungeon
  9325 | D:10     | Found a staircase to the Orcish Mines.
  9455 | D:10     | Reached XP level 11. HP: 82/101 MP: 8/10
  9595 | D:10     | Reached skill level 11 in Armour
  9661 | D:10     | Found an ornate altar of the Wu Jian Council.
  9685 | D:10     | Found Teozites's Antique Armour Shop.
  9693 | D:10     | Bought a runed chain mail for 240 gold pieces
  9987 | Orc:1    | Entered Level 1 of the Orcish Mines
  9987 | Orc:1    | Noticed an orc knight
 10046 | D:11     | Noticed a boulder beetle
 10052 | D:11     | Killed a boulder beetle
 10166 | D:11     | Found a staircase to the Lair.
 10168 | D:11     | Noticed a boulder beetle
 10174 | D:11     | Killed a boulder beetle
 10275 | D:11     | Noticed a two-headed ogre
 10275 | D:11     | Noticed a boulder beetle
 10280 | D:11     | Reached ****** piety under Okawaru
 10280 | D:11     | Received a gift from Okawaru
 10283 | D:11     | Killed a two-headed ogre
 10285 | D:11     | HP: 4/103 [boulder beetle (33)]
 10287 | D:11     | Noticed a two-headed ogre
 10362 | D:10     | Killed a boulder beetle
 10608 | D:10     | Acquired the +7 plate armour of Okawaru's Approval {rF+
                  | Str+3}
 10608 | D:10     | Received a gift from Okawaru
 10645 | D:10     | Acquired the +5 broad axe of Foarur {flame, *Noise rF+++
                  | Str+3 Dex+2}
 10645 | D:10     | Received a gift from Okawaru
 10866 | D:11     | Killed a two-headed ogre
 10867 | D:11     | Reached skill level 12 in Armour
 11083 | D:11     | Noticed a boulder beetle
 11085 | D:11     | Received a gift from Okawaru
 11087 | D:11     | Killed a boulder beetle
 11277 | D:12     | Reached XP level 12. HP: 106/113 MP: 11/11
 11282 | D:12     | Found a gate leading to a gauntlet.
 11291 | Gauntlet | Entered a Gauntlet
 11291 | Gauntlet | Found a transporter.
 11291 | Gauntlet | Found a transporter.
 11307 | Gauntlet | Found a transporter.
 11308 | Gauntlet | Found a transporter.
 11311 | Gauntlet | Found a transporter.
 11311 | Gauntlet | Found a transporter.
 11341 | Gauntlet | Found a transporter.
 11345 | Gauntlet | Found a transporter.
 11351 | Gauntlet | Noticed a hell hog
 11356 | Gauntlet | Found a transporter.
 11397 | Gauntlet | Found a transporter.
 11403 | Gauntlet | Found a transporter.
 11423 | Gauntlet | Found a transporter.
 11423 | Gauntlet | Noticed a death scarab
 11529 | Gauntlet | Identified the +2 chain mail of the Present {rPois}
 11569 | Gauntlet | Received a gift from Okawaru
 11655 | Gauntlet | Identified the +7 plate armour of the Original Sin {Int+3}
 11655 | Gauntlet | Noticed a minotaur
 11666 | Gauntlet | Killed a minotaur
 11901 | D:12     | Gained mutation: You are partially covered in iridescent
                  | scales. (AC +2) [potion of mutation]
 12148 | D:12     | Noticed Lodul
 12154 | D:12     | Killed Lodul
 12156 | D:12     | Reached skill level 13 in Armour
 13001 | D:13     | Noticed a boulder beetle
 13007 | D:13     | Killed a boulder beetle
 13008 | D:13     | Reached skill level 1 in Dodging
 13191 | D:13     | Received a gift from Okawaru
 13348 | D:13     | Found Haobyir's Book Shoppe.
 13399 | D:13     | Reached skill level 14 in Armour
 13736 | D:13     | Noticed a tengu warrior
 13743 | D:13     | Killed a tengu warrior
 13845 | D:13     | Noticed a tengu warrior
 13853 | D:13     | Killed a tengu warrior
 14017 | Lair:1   | Entered Level 1 of the Lair of Beasts
 14036 | Lair:1   | Received a gift from Okawaru
 14047 | Lair:1   | Reached XP level 13. HP: 95/122 MP: 12/12
 14517 | Lair:1   | Reached skill level 1 in Invocations
 15120 | Lair:2   | Found a runed translucent door.
 15121 | Lair:2   | Found a shimmering altar of Xom.
 15121 | Lair:2   | Noticed Dirtsage's ghost (journeyman OpSh)
 15145 | Lair:2   | Reached skill level 15 in Armour
 15146 | Lair:2   | Killed Dirtsage's ghost
 15491 | Lair:2   | You fall into a shaft and drop 1 floor!
 15764 | Lair:2   | Received a gift from Okawaru
 16001 | Lair:2   | Reached skill level 5 in Dodging
 16319 | Lair:2   | Found a staircase to the Swamp.
 16532 | Lair:3   | Found a staircase to the Snake Pit.
 16690 | Lair:3   | Received a gift from Okawaru
 17158 | Snake:1  | Entered Level 1 of the Snake Pit
 17360 | Lair:4   | Reached skill level 16 in Armour
 17647 | Lair:4   | Noticed a dire elephant
 17656 | Lair:4   | Killed a dire elephant
 17657 | Lair:4   | Reached XP level 14. HP: 126/133 MP: 12/16
 17694 | Lair:4   | Received a gift from Okawaru
 18328 | Lair:4   | Found a viscous altar of Jiyva.
 18328 | Lair:4   | Found a staircase to the Slime Pits.
 18625 | Orc:1    | Received a gift from Okawaru
 18754 | Orc:1    | Noticed an orc warlord
 18767 | Orc:1    | Killed an orc warlord
 18776 | Orc:1    | Reached skill level 15 in Fighting
 18776 | Orc:1    | Reached skill level 17 in Armour
 18776 | Orc:1    | Reached skill level 5 in Invocations
 19018 | Orc:2    | Entered Level 2 of the Orcish Mines
 19073 | Orc:2    | Found Qairayl's Antique Armour Boutique.
 19258 | Orc:2    | Found Reang's Antique Weapon Emporium.
 19265 | Orc:2    | Reached skill level 15 in Shields
 19271 | Orc:2    | Gained mutation: You are weak. (Str -2) [a neqoxec]
 19401 | Orc:2    | Lost mutation: You are weak. (Str -2) [potion of mutation]
 19401 | Orc:2    | Lost mutation: You are partially covered in iridescent
                  | scales. (AC +2) [potion of mutation]
 19401 | Orc:2    | Gained mutation: You are frail. (-10% HP) [potion of
                  | mutation]
 19401 | Orc:2    | Gained mutation: Your body sometimes deteriorates upon
                  | taking damage. [potion of mutation]
 19401 | Orc:2    | Gained mutation: You occasionally lose the ability to drink
                  | potions when taking damage. [potion of mutation]
 19401 | Orc:2    | Gained mutation: You are partially covered in iridescent
                  | scales. (AC +2) [potion of mutation]
 19436 | Orc:2    | Found Diczaez's General Store.
 19436 | Orc:2    | Noticed an orc warlord
 19450 | Orc:2    | Received a gift from Okawaru
 19453 | Orc:2    | Killed an orc warlord
 19454 | Orc:2    | Reached skill level 15 in Axes
 19726 | Orc:2    | Found a staircase to the Elven Halls.
 19771 | Orc:2    | Found Famehual's Jewellery Shop.
 19780 | Orc:2    | Reached skill level 1 in Spellcasting
 20164 | Elf:1    | Entered Level 1 of the Elven Halls
 20221 | Orc:2    | Bought a glowing cloak for 202 gold pieces
 20309 | D:10     | Bought the +2 shield of Resistance {rF++ rC++ Will++} for
                  | 2256 gold pieces
 20309 | D:10     | Found the +2 shield of Resistance {rF++ rC++ Will++}
 20469 | Lair:5   | Entered Level 5 of the Lair of Beasts
 20801 | Lair:5   | Reached XP level 15. HP: 126/126 MP: 16/18
 20864 | Lair:5   | Received a gift from Okawaru
 21045 | Lair:5   | Reached skill level 18 in Armour
 21286 | Lair:5   | Received a gift from Okawaru
 21408 | Lair:5   | Identified the +7 trident "Qeavif" {freeze, rPois Dex+4
                  | Stlth-}
 22069 | Elf:1    | Identified the +5 quarterstaff of the Avant Garde God
                  | {freeze, rPois rF+ Str+3 Int+2}
 22127 | Elf:1    | Received a gift from Okawaru
 22448 | Elf:1    | Noticed a deep elf sorcerer
 22463 | Elf:1    | Killed a deep elf sorcerer
 23135 | Elf:2    | Received a gift from Okawaru
 23425 | Elf:2    | Reached skill level 19 in Armour
 23440 | Elf:2    | Slain by a +2 war axe of freezing

Illustrated notes

Levels and vault maps discovered:
D:1:      dpeg_arrival_houses_and_road, layout_loops_ring, serial_shops,
          nicolae_shop_overgrown_old_shop
D:2:      cheibrodos_helix_gallery, layout_loops_ring, serial_shops, shop,
          minmay_misc_feat_five, minmay_tetromino_l2
D:3:      layout_loops_ring, mainiacjoe_overflow_alcove_1,
          grunt_decor_mini_mirrors, uniq_sigmund
D:4:      layout_basic, led_xom_imps, minmay_temple_entry_wispy, serial_shops,
          shop
D:5:      layout_basic, amcnicky_altar_gilded, minmay_misc_feat_rows
D:6:      layout_loops_cross, mainiacjoe_overflow_paths,
          minmay_fractal_squares_gapless_5
D:7:      layout_loops_ring, slow_altar_1, serial_shops,
          nicolae_shop_real_fake_doors
D:8:      layout_loops_ring, nicolae_overflow_squiral,
          chequers_serial_rivers_large_b
D:9:      layout_stronghold, dancing_weapons_uskayaw, serial_shops, shop
D:10:     layout_irregular_city, lemuel_round_altar, orc_david_3,
          serial_column_ruins, column_ruins_open_small, column_ruins_open_tiny,
          column_ruins_corridor_straight, column_ruins_columns_straight,
          serial_shops, shop
D:11:     layout_rooms, lair_entry_dummy, serial_rivers,
          chequers_serial_rivers_micro_a, chequers_serial_rivers_room_b,
          chequers_serial_rivers_small_3, chequers_serial_rivers_micro_c,
          chequers_serial_rivers_room_b, chequers_serial_rivers_marsh,
          chequers_serial_rivers_micro_a
D:12:     layout_irregular_city, gauntlet_entry_generic,
          hangedman_decor_peaks_small, uniq_lodul
D:13:     gammafunk_indiana_jones, layout_loops_corners, serial_shops, shop
Temple:   hellmonk_temple_divided_pantheon
Lair:1:   layout_cellular_growth, infiniplex_staircase_pool
Lair:2:   layout_long_grid, palyth_hydra_swamp_entry, ebering_ghost_xom
Lair:3:   layout_hall_layers, guppyfry_snake_entry_island,
          eino_small_chamber_without_monster
Lair:4:   mu_elephants_graveyard, layout_small_grid, dpeg_slime_entry_enclosed,
          minivault_26, cheibrodos_lair_lostbears
Lair:5:   gammafunk_lair_ancient_temple, layout_gridlike, grunt_megastairs_3
Snake:1:  layout_chambers, nicolae_snake_salamander_stairs, grunt_megastairs_1,
          uniq_frances
Orc:1:    layout_caves, basic_altar, mines3_lemuel, uniq_harold
Orc:2:    grunt_orc_gardens, layout_caves, grunt_orc_garden, grunt_orc_garden,
          grunt_orc_garden, grunt_orc_garden, david_defended_altar_orc
Elf:1:    layout_loops_ring, hangedman_elf_disciples
Elf:2:    nicolae_elf_blades_splatter_lattice [nicolae_blade_entry_pointy_end],
          layout_loops_cross, uniq_jorgrun, uniq_norris

Skill      XL: |  1  2  3  4  5  6  7  8  9 10 11 12 13 14 15 |
---------------+----------------------------------------------+-----
Armour         | 4 5 6 8 9 10 12 14 16 17 19 | 19.0
Fighting       | 4 5 6 7 9 10 12 13 14 15 16 | 16.2
Shields        | 4 5 6 7 9 10 12 13 14 15 16 | 16.1
Axes           | 3 4 5 6 7 9 10 12 13 14 15 16 | 16.0
Dodging        | 3 6 7 9 |  9.2
Invocations    | 4 6 7 |  7.5
Spellcasting   | 1 3 |  3.3

Action                     |  1- 3 |  4- 6 |  7- 9 | 10-12 | 13-15 || total
---------------------------+-------+-------+-------+-------+-------++-------
  Melee: War axe           |    94 |    91 |   146 |       |       ||   331
         Headbutt          |     6 |    17 |    41 |    45 |   141 ||   250
         Trident           |       |       |    39 |       |       ||    39
         Broad axe         |       |       |    81 |   236 |   629 ||   946
 Invoke: Heroism           |       |       |     1 |     4 |    15 ||    20
         Receive Weapon    |       |       |       |     1 |       ||     1
         Receive Armour    |       |       |       |     1 |       ||     1
         Finesse           |       |       |       |       |     1 ||     1
    Use: Scroll            |       |       |    12 |     4 |    12 ||    28
         Potion            |       |       |     1 |     4 |     4 ||     9
   Stab: Petrified         |       |       |       |       |    10 ||    10
         Petrifying        |       |       |       |       |     1 ||     1
 Armour: Scale mail        |    64 |    13 |       |       |       ||    77
         Plate armour      |       |    64 |   246 |   211 |   533 ||  1054
         Chain mail        |       |       |       |    31 |       ||    31
  Dodge: Dodged            |    53 |    38 |    87 |   207 |   333 ||   718
  Block: Buckler           |    25 |    20 |    87 |    99 |       ||   231
         Kite shield       |       |       |       |    10 |   529 ||   539

Table legend: (Time is in decaauts)
 A = Elapsed time spent in this place.
 B = Non-inter-level travel time spent in this place.
 C = Inter-level travel time spent in this place.
 D = Time resting spent in this place.
 E = Time spent auto-exploring this place.
 F = Levels seen in this place.
 G = Mean time per level.
                   A        B        C        D        E       F      G
               +--------+--------+--------+--------+--------+-----+--------+
         Total |  23964 |  20274 |   3690 |      0 |  12331 |  25 |  958.6 |
       Dungeon |  13918 |  11569 |   2349 |      0 |   8021 |  13 | 1070.6 |
        Temple |     31 |     11 |     20 |      0 |      0 |   1 |   31.0 |
          Lair |   6251 |   5463 |    788 |      0 |   3436 |   5 | 1250.2 |
     Snake Pit |      1 |      1 |      0 |      0 |      0 |   1 |    1.0 |
  Orcish Mines |   1689 |   1304 |    385 |      0 |    541 |   2 |  844.5 |
   Elven Halls |   1445 |   1299 |    146 |      0 |    333 |   2 |  722.5 |
      Gauntlet |    625 |    625 |      0 |      0 |      0 |   1 |  625.0 |
               +--------+--------+--------+--------+--------+-----+--------+

Top non-repeatable levels by time:
    D:10: 1774 daAuts
  Lair:4: 1589 daAuts
  Lair:2: 1388 daAuts
   Elf:1: 1302 daAuts
     D:9: 1275 daAuts
   Orc:2: 1271 daAuts
  Lair:5: 1269 daAuts
    D:13: 1246 daAuts
     D:5: 1232 daAuts
  Lair:1: 1177 daAuts
     D:6: 1034 daAuts
     D:1: 1031 daAuts
     D:2: 1029 daAuts
     D:7: 1002 daAuts
    D:12: 933 daAuts
